[ AOE2 MATCH · #479219769 ]
1v1 RMBohemians vs Franks
Player's team · WIN
Rival team · LOSS
[ REPLAY ANALYSIS · EXTRACTED FROM THE RECORDED GAME ]
Feudal
11:24
Castle
15:35
Imperial
28:48
| APM avg | 27.2 |
| APM peak | 106 |
| eAPM avg | 12.4 |
| Villagers / military | 57 / 65 |
Focus
⚔️ 19.4% · 🌾 80.6%
Spearman ×28 · Hand Cannoneer ×25 · Militia ×6 · Monk ×3 · Bombard Cannon ×3
Feudal
11:01
Castle
19:30
Imperial
—
| APM avg | 19.1 |
| APM peak | 45 |
| eAPM avg | 13.8 |
| Villagers / military | 85 / 19 |
Focus
⚔️ 12.7% · 🌾 87.3%
Throwing Axeman ×8 · Knight ×6 · Spearman ×3 · Monk ×1 · Scout Cavalry ×1
Match map
Resources at game start + every placement click. Thick line = wall · dashed box = detected house wall. 🟡 gold · ⚪ stone · 🟢 berries · 🔶 boar · ⭕ relic
Inputs per minute
— Aevyan - - jacob
Build order — Aevyan
First 150 of 173 actions detected
| 0:02 | Build | House |
| 0:03 | Build | House |
| 0:04 | Create | Villager (Male) ×4 |
| 1:42 | Create | Villager (Male) |
| 1:56 | Build | Lumber Camp |
| 1:59 | Create | Villager (Male) |
| 2:26 | Create | Villager (Male) |
| 2:52 | Create | Villager (Male) |
| 3:02 | Create | Villager (Male) |
| 3:43 | Create | Villager (Male) |
| 3:53 | Build | House |
| 3:54 | Build | House |
| 4:20 | Build | Mill |
| 4:21 | Create | Villager (Male) |
| 4:47 | Create | Villager (Male) |
| 5:07 | Create | Villager (Male) |
| 5:21 | Build | Farm |
| 5:51 | Build | Farm |
| 5:53 | Create | Villager (Male) |
| 5:54 | Create | Villager (Male) |
| 5:56 | Create | Villager (Male) |
| 6:22 | Create | Villager (Male) |
| 6:35 | Create | Villager (Male) |
| 6:49 | Create | Villager (Male) |
| 7:15 | Build | Lumber Camp |
| 7:39 | Build | House |
| 7:50 | Create | Villager (Male) |
| 7:50 | Create | Villager (Male) |
| 8:55 | Build | Mining Camp |
| 9:00 | Research | Feudal Age |
| 9:31 | Build | Barracks |
| 10:03 | Build | House |
| 10:12 | Create | Villager (Male) |
| 10:12 | Create | Villager (Male) |
| 11:22 | Build | Mill |
| 11:24 | Age | Feudal Age |
| 11:37 | Build | Market |
| 11:44 | Build | Blacksmith |
| 12:55 | Research | Castle Age |
| 13:05 | Create | Spearman |
| 13:16 | Create | Militia |
| 13:17 | Research | Man-at-Arms (upgrade) |
| 13:19 | Create | Spearman |
| 13:37 | Create | Militia |
| 14:00 | Create | Militia |
| 14:36 | Build | Farm |
| 14:40 | Build | Farm |
| 14:46 | Research | Double-Bit Axe |
| 14:49 | Build | Farm |
| 14:53 | Build | Farm |
| 14:59 | Build | Farm |
| 15:00 | Build | Farm |
| 15:09 | Build | Farm |
| 15:10 | Build | Farm |
| 15:13 | Create | Militia |
| 15:14 | Create | Militia |
| 15:15 | Create | Spearman |
| 15:29 | Create | Militia |
| 15:30 | Create | Spearman |
| 15:33 | Create | Spearman |
| 15:35 | Age | Castle Age |
| 15:39 | Build | House |
| 15:40 | Build | House |
| 16:36 | Build | Monastery |
| 16:38 | Build | House |
| 16:40 | Create | Villager (Male) |
| 16:40 | Create | Villager (Male) |
| 16:51 | Build | University |
| 17:19 | Create | Monk |
| 17:28 | Create | Villager (Male) |
| 17:28 | Create | Villager (Male) |
| 17:34 | Build | Town Center |
| 17:59 | Create | Villager (Male) |
| 18:00 | Create | Villager (Male) |
| 18:19 | Create | Monk |
| 18:45 | Create | Villager (Male) |
| 18:53 | Create | Villager (Male) |
| 19:01 | Research | Pikeman (upgrade) |
| 19:02 | Create | Spearman |
| 19:03 | Create | Spearman |
| 20:13 | Research | Fervor |
| 20:23 | Build | Town Center |
| 20:24 | Create | Villager (Male) |
| 20:24 | Create | Villager (Male) |
| 20:26 | Create | Villager (Male) |
| 20:26 | Create | Villager (Male) |
| 20:44 | Create | Monk |
| 21:00 | Create | Villager (Male) |
| 21:02 | Build | Farm |
| 21:04 | Create | Villager (Male) |
| 21:06 | Create | Villager (Male) |
| 21:53 | Build | Archery Range |
| 21:54 | Build | Archery Range |
| 21:56 | Build | Archery Range |
| 22:07 | Build | Farm |
| 22:09 | Build | Farm |
| 22:13 | Build | House |
| 22:14 | Build | House |
| 22:15 | Build | House |
| 22:16 | Build | House |
| 22:17 | Build | House |
| 22:18 | Build | House |
| 22:19 | Build | House |
| 22:20 | Build | House |
| 22:22 | Build | House |
| 22:23 | Build | House |
| 22:23 | Build | House |
| 22:45 | Create | Villager (Male) |
| 22:45 | Create | Villager (Male) |
| 23:04 | Create | Villager (Male) |
| 23:06 | Create | Villager (Male) |
| 23:06 | Create | Villager (Male) |
| 23:10 | Create | Villager (Male) |
| 23:42 | Research | Chemistry |
| 24:23 | Build | Barracks |
| 24:36 | Build | Farm |
| 24:37 | Build | Farm |
| 24:39 | Build | Farm |
| 24:54 | Build | Farm |
| 25:38 | Research | Imperial Age |
| 25:46 | Create | Villager (Male) |
| 25:47 | Create | Villager (Male) |
| 25:51 | Create | Villager (Male) |
| 25:53 | Create | Villager (Male) |
| 26:03 | Build | Siege Workshop |
| 26:04 | Build | Siege Workshop |
| 26:07 | Create | Hand Cannoneer ×2 |
| 26:13 | Create | Spearman |
| 26:13 | Create | Spearman |
| 26:23 | Create | Villager (Male) |
| 26:32 | Create | Hand Cannoneer |
| 26:33 | Create | Hand Cannoneer |
| 26:45 | Create | Spearman ×2 |
| 27:21 | Create | Hand Cannoneer ×4 |
| 27:30 | Build | Barracks |
| 27:34 | Build | Siege Workshop |
| 27:39 | Research | Squires |
| 27:41 | Create | Spearman |
| 27:59 | Create | Hand Cannoneer ×2 |
| 28:48 | Age | Imperial Age |
| 29:06 | Create | Hand Cannoneer ×5 |
| 29:06 | Create | Hand Cannoneer ×4 |
| 29:18 | Create | Bombard Cannon |
| 29:22 | Create | Hand Cannoneer ×2 |
| 29:22 | Create | Hand Cannoneer ×2 |
| 29:27 | Build | Castle |
| 29:30 | Create | Villager (Male) |
| 29:35 | Create | Villager (Male) |
| 29:42 | Build | House |
| 29:43 | Build | House |
Build order — jacob
First 150 of 193 actions detected
| 0:02 | Build | House |
| 0:04 | Build | House |
| 0:06 | Create | Villager (Male) |
| 0:06 | Create | Villager (Male) |
| 0:06 | Create | Villager (Male) |
| 0:07 | Create | Villager (Male) |
| 0:07 | Create | Villager (Male) |
| 1:35 | Create | Villager (Male) |
| 1:35 | Create | Villager (Male) |
| 1:52 | Build | Lumber Camp |
| 1:53 | Create | Villager (Male) |
| 2:31 | Create | Villager (Male) |
| 2:58 | Create | Villager (Male) |
| 3:06 | Create | Villager (Male) |
| 3:07 | Create | Villager (Male) |
| 3:29 | Build | House |
| 3:40 | Create | Villager (Male) |
| 3:57 | Build | Mill |
| 4:11 | Create | Villager (Male) |
| 4:39 | Research | Loom |
| 4:47 | Create | Villager (Male) |
| 5:09 | Create | Villager (Male) |
| 5:09 | Create | Villager (Male) |
| 5:50 | Create | Villager (Male) |
| 6:12 | Create | Villager (Male) |
| 6:12 | Create | Villager (Male) |
| 6:12 | Create | Villager (Male) |
| 6:14 | Create | Villager (Male) |
| 6:14 | Create | Villager (Male) |
| 6:27 | Build | House |
| 6:35 | Build | Mining Camp |
| 6:43 | Create | Villager (Male) |
| 6:43 | Create | Villager (Male) |
| 6:43 | Create | Villager (Male) |
| 8:01 | Build | Lumber Camp |
| 8:31 | Research | Feudal Age |
| 8:55 | Build | House |
| 9:02 | Build | Barracks |
| 9:05 | Create | Villager (Male) |
| 9:06 | Create | Villager (Male) |
| 9:21 | Build | Mill |
| 10:24 | Build | House |
| 11:01 | Age | Feudal Age |
| 11:03 | Research | Double-Bit Axe |
| 11:07 | Research | Gold Mining |
| 11:14 | Create | Villager (Male) |
| 11:26 | Create | Villager (Male) |
| 11:42 | Build | Mining Camp |
| 11:52 | Create | Villager (Male) |
| 12:24 | Create | Villager (Male) |
| 12:48 | Build | Farm |
| 12:50 | Build | Farm |
| 12:54 | Create | Villager (Male) |
| 13:01 | Build | Farm |
| 13:16 | Create | Villager (Male) |
| 13:18 | Research | Wheelbarrow |
| 13:48 | Build | House |
| 13:53 | Build | Stable |
| 14:05 | Build | Farm |
| 14:35 | Build | Blacksmith |
| 15:00 | Build | Farm |
| 15:02 | Build | Farm |
| 15:11 | Create | Villager (Male) |
| 15:31 | Create | Villager (Male) |
| 15:37 | Build | Farm |
| 15:38 | Build | Farm |
| 15:55 | Create | Spearman |
| 16:11 | Build | Farm |
| 16:19 | Create | Villager (Male) |
| 16:26 | Build | Watch Tower |
| 16:48 | Build | Farm |
| 16:50 | Research | Castle Age |
| 16:58 | Research | Stone Mining |
| 17:17 | Create | Scout Cavalry |
| 17:24 | Create | Villager (Male) |
| 17:24 | Create | Villager (Male) |
| 17:54 | Research | Fletching |
| 18:17 | Build | Farm |
| 18:24 | Build | Farm |
| 18:45 | Build | Stable |
| 18:50 | Build | Barracks |
| 19:30 | Age | Castle Age |
| 19:44 | Build | Castle |
| 19:47 | Create | Villager (Male) |
| 19:47 | Create | Villager (Male) |
| 19:57 | Research | Bodkin Arrow |
| 20:10 | Build | Town Center |
| 20:18 | Create | Villager (Male) |
| 20:32 | Research | Bow Saw |
| 20:34 | Research | Gold Shaft Mining |
| 20:46 | Build | Farm |
| 20:49 | Create | Villager (Male) |
| 20:49 | Create | Villager (Male) |
| 21:11 | Create | Villager (Male) |
| 21:33 | Research | Husbandry |
| 21:44 | Build | Monastery |
| 21:56 | Create | Knight |
| 22:01 | Build | Stable |
| 22:06 | Create | Knight |
| 22:10 | Build | Farm |
| 22:12 | Create | Villager (Male) |
| 22:14 | Create | Villager (Male) |
| 22:24 | Create | Throwing Axeman |
| 22:31 | Create | Spearman |
| 22:37 | Build | Mining Camp |
| 22:49 | Build | Mining Camp |
| 23:14 | Build | Mining Camp |
| 23:37 | Create | Monk |
| 23:52 | Create | Throwing Axeman |
| 23:52 | Create | Throwing Axeman |
| 24:04 | Build | Farm |
| 24:08 | Build | University |
| 24:11 | Build | Market |
| 24:14 | Create | Villager (Male) |
| 24:15 | Create | Villager (Male) |
| 24:15 | Create | Villager (Male) |
| 24:15 | Create | Villager (Male) |
| 24:15 | Create | Villager (Male) |
| 24:33 | Research | Arson |
| 24:43 | Build | Farm |
| 24:50 | Create | Villager (Male) |
| 24:50 | Create | Villager (Male) |
| 24:50 | Create | Villager (Male) |
| 24:50 | Create | Villager (Male) |
| 24:51 | Create | Villager (Male) |
| 24:51 | Create | Villager (Male) |
| 24:51 | Create | Villager (Male) |
| 25:36 | Create | Villager (Male) |
| 25:43 | Build | Mining Camp |
| 25:46 | Create | Villager (Male) |
| 25:47 | Create | Villager (Male) |
| 25:52 | Research | Forging |
| 26:02 | Build | Farm |
| 26:04 | Create | Villager (Male) |
| 26:05 | Create | Villager (Male) |
| 26:44 | Build | Castle |
| 26:45 | Create | Villager (Male) |
| 26:45 | Create | Villager (Male) |
| 26:52 | Build | House |
| 26:54 | Build | House |
| 26:54 | Build | House |
| 26:54 | Build | House |
| 26:54 | Build | House |
| 26:55 | Build | House |
| 26:55 | Build | House |
| 26:55 | Build | House |
| 26:55 | Build | House |
| 26:56 | Build | House |
| 26:56 | Build | House |
| 27:14 | Create | Knight |
Match timeline
| 9:02 | jacob · first_building Barracks |
| 9:31 | Aevyan · first_building Barracks |
| 11:01 | jacob · age_up feudal |
| 11:24 | Aevyan · age_up feudal |
| 13:53 | jacob · first_building Stable |
| 15:35 | Aevyan · age_up castle |
| 16:36 | Aevyan · first_building Monastery |
| 18:15 | Aevyan · first_market_sell 100 food |
| 19:30 | jacob · age_up castle |
| 19:44 | jacob · first_building Castle |
| 21:44 | jacob · first_building Monastery |
| 21:53 | Aevyan · first_building Archery Range |
| 25:00 | Aevyan · first_market_buy 100 food |
| 26:03 | Aevyan · first_building Siege Workshop |
| 28:48 | Aevyan · age_up imperial |
| 29:27 | Aevyan · first_building Castle |
| 31:40 | jacob · first_building Archery Range |
| 31:48 | jacob · resign |
[ AI ANALYSIS · 1 CREDIT ]
What really happened in this match?
Wolo.gg analyzes every decision: build order, eco, micro, common mistakes by bracket. Personalized analysis on WhatsApp or Discord in 30 seconds.
Civ guide
Bohemians
Map guide
Arena
Perfil
Jugador #8866958